 Dungeon Crawl Stone Soup version 0.29-a0-322-g68df515428 (webtiles) character file.

Game seed: 7812815813862829374

83 kae the Firebug (level 4, -5/25 HPs)
             Began as a Tengu Fire Elementalist on Apr 8, 2022.
             Slain by Terence
             ... wielding a +0 short sword
              (6 damage)
             ... on level 3 of the Dungeon.
             The game lasted 00:00:59 (2965 turns).

kae the Firebug (Tengu Fire Elementalist)           Turns: 2965, Time: 00:01:00

Health: -5/25      AC:  2    Str:  8    XL:     4   Next: 44%
Magic:  6/8        EV: 12    Int: 18    God:
Gold:   121        SH:  0    Dex: 14    Spells: 1/7 levels left

rFire   . . .      SeeInvis .   (no weapon)
rCold   . . .      Faith    .   (no shield)
rNeg    . . .      Spirit   .   a - +0 robe
rPois   .          Reflect  .   (helmet restricted)
rElec   .          Harm     .   (no cloak)
rCorr   .          Rampage  .   (no gloves)
Will    .....                   (boots unavailable)
Stlth   ++........              (no amulet)
HPRegen 0.08/turn               (no ring)
MPRegen 0.11/turn               (no ring)

@: attractive
A: beak, talons 3
a: no special abilities


You were on level 3 of the Dungeon.
You visited 1 branch of the dungeon, and saw 3 of its levels.

You collected 121 gold pieces.

Inventory:

Armour
 a - a +0 robe (worn)
Scrolls
 c - a scroll of identify
Potions
 b - 2 potions of magic
 d - a potion of attraction
 e - a potion of brilliance
 f - a potion of mutation {unknown}
 g - a potion of heal wounds {unknown}


   Skills:
 + Level 1.1 Fighting
 + Level 1.3 Armour
 + Level 2.8 Dodging
 - Level 2.0 Stealth
 + Level 2.4 Spellcasting
 + Level 2.5 Conjurations
 + Level 3.9 Fire Magic


You had one spell level left.
You knew the following spells:

 Your Spells              Type           Power      Damage    Failure   Level
a - Foxfire               Conj/Fire      52%        2x1d6     4%          1
b - Scorch                Fire           32%        2d7       5%          2
c - Conjure Flame         Conj/Fire      13%        6-21      14%         3

Your spell library contained the following spells:

 Spells                   Type           Power      Damage    Failure   Level
 Inner Flame              Hex/Fire       9%         N/A       22%         3
 Corpse Rot               Necr/Air       4%         N/A       26%         2
 Flame Wave               Conj/Fire      13%        2d6       41%         4
 Dispel Undead            Necr           2%         3d7       86%         4
 Death Channel            Necr           1%         N/A       100%        6


Dungeon Overview and Level Annotations

Branches:
Dungeon (3/15)

Altars:

Shops:
D:1 (=

Annotations:
D:3 1 transporter, exclusion: 2 doors, Terence; qborf's ghost, weakling DDFi


Innate Abilities, Weirdness & Mutations

You have a beak for a mouth.
You have claws for feet.


Message History

a +0 dagger; 3 stones
Found a stone staircase leading down.
You see here a hobgoblin skeleton.
You open the door.
There is an open door here.
Terence the Incautious comes into view.
He is wielding a +0 short sword.
Terence shouts!
A hound comes into view.
There are monsters nearby!
The hound bites you. The hound closely misses you.
There are monsters nearby!
Casting: Foxfire (safe; 4% risk of failure)
Confirm with . or Enter, or press ? or * to list all spells.
You conjure some foxfire!
The hound bites you.
The foxfire hits Terence but does no damage.
The foxfire hits the hound.
The hound is moderately wounded.
The hound bites you. x2
Casting: Foxfire (safe; 4% risk of failure)
Confirm with . or Enter, or press ? or * to list all spells.
You conjure some foxfire!
The hound completely misses you. Terence hits you with a +0 short sword.
The foxfire hits the hound.
The hound is heavily wounded.
The foxfire hits the hound.
The hound is severely wounded.
The hound barely misses you. Terence hits you with a +0 short sword.
* * * LOW HITPOINT WARNING * * *
The hound closely misses you.
Okay, then.
As you read the scroll labelled KUSAEWKO ORPHITS, it crumbles to dust.
It is a scroll of identify.
e - a potion of brilliance The hound bites you.
* * * LOW HITPOINT WARNING * * *
Terence barely misses you.
It was a potion of attraction.
You feel attractive to monsters. The hound closely misses you.
Terence hits you with a +0 short sword.
You die...

....#.....#.....####.##.#.#......
<...#.....'.....##......#.#.#####
....#.....#....###'######....#
..###.....##+#.........####..#
..###.....+..................#
....#.....##...........>.....#
#†#.#.....####.........#####.#
#.#.#)...........#+##+## #.#
#.#.#......####.@# #.#
................h@...... ...
#.#....###............## ###
#.#.....................
#.#.....................
#+##....................
........................
................########
....########


You could see Terence and a hound.

Vanquished Creatures
  4 adders
  A worm (D:3)
  An orc (D:3)
  2 ball pythons
  6 bats
  4 endoplasms
  2 giant cockroaches (D:1)
  3 goblins (D:1)
  6 hobgoblins
  A quokka (D:3)
  A frilled lizard (D:1)
  7 kobolds
  3 rats (D:1)
41 creatures vanquished.

Vanquished Creatures (others)
  170 foxfires
  A fungus (D:2)
171 creatures vanquished.

Grand Total: 212 creatures vanquished

Notes
Turn   | Place    | Note
-------+----------+-------------------------------------------
     0 | D:1      | kae the Tengu Fire Elementalist began the quest for the
                  | Orb.
     0 | D:1      | Reached XP level 1. HP: 10/10 MP: 4/4
   227 | D:1      | Found Budoubuu's Weapon Shop.
   319 | D:1      | Found Eror's Jewellery Shoppe.
   353 | D:1      | Reached XP level 2. HP: 16/16 MP: 4/6
   361 | D:1      | Learned a level 2 spell: Scorch
  1253 | D:2      | Reached XP level 3. HP: 20/20 MP: 5/7
  1257 | D:2      | Learned a level 3 spell: Conjure Flame
  1328 | D:2      | Found a faded altar of an unknown god.
  1563 | D:2      | Reached skill level 1 in Armour
  2304 | D:3      | Found a transporter.
  2309 | D:3      | Noticed qborf's ghost (weakling DDFi)
  2409 | D:3      | Reached skill level 1 in Fighting
  2465 | D:3      | Reached XP level 4. HP: 25/25 MP: 6/8
  2957 | D:3      | Noticed Terence
  2964 | D:3      | HP: 1/25 [hound (2)]
  2965 | D:3      | Slain by Terence

Illustrated notes

Levels and vault maps discovered:
D:1:      minmay_arrival_checkered_box, layout_basic, serial_shops,
          nicolae_shop_behind_doors, nicolae_shop_waterfront,
          nicolae_figureground_pulse
D:2:      layout_loops_cross, shapermc_ecumenical_altar_acropolis,
          serial_rivers, chequers_serial_rivers_micro_c,
          chequers_serial_rivers_micro_b, chequers_serial_rivers_large_a,
          chequers_serial_rivers_small_b, hangedman_feature_mirror
D:3:      minmay_goblin_kobold_castle, layout_basic, gammafunk_ghost_arena,
          minmay_joined_circles, uniq_terence

Skill      XL: |  1  2  3 |
---------------+----------+-----
Conjurations   | 2 |  2.5
Armour         | 1 |  1.3
Fighting       | 1 |  1.1
Dodging        | |  2.8
Stealth        | |  2.0
Spellcasting   | |  2.4
Fire Magic     | |  3.9

Action                   |  1- 3 |  4- 6 || total
-------------------------+-------+-------++-------
Melee: Unarmed           |    27 |     1 ||    28
       Peck              |     8 |       ||     8
       Kick              |     8 |       ||     8
 Cast: Foxfire           |    86 |    17 ||   103
  Use: Scroll            |     2 |     1 ||     3
       Potion            |       |     1 ||     1
 Stab: Sleeping          |     2 |       ||     2
Armor: Robe              |     7 |     2 ||     9
Dodge: Dodged            |    45 |    11 ||    56

Table legend: (Time is in decaauts)
 A = Elapsed time spent in this place.
 B = Non-inter-level travel time spent in this place.
 C = Inter-level travel time spent in this place.
 D = Time resting spent in this place.
 E = Time spent auto-exploring this place.
 F = Levels seen in this place.
 G = Mean time per level.
                   A        B        C        D        E       F      G
               +--------+--------+--------+--------+--------+-----+--------+
         Total |   2975 |   2946 |     29 |     96 |   2466 |   3 |  991.7 |
       Dungeon |   2975 |   2946 |     29 |     96 |   2466 |   3 |  991.7 |
               +--------+--------+--------+--------+--------+-----+--------+

Top non-repeatable levels by time:
     D:1: 1215 daAuts
     D:2: 1040 daAuts
     D:3: 719 daAuts
